Map: Prion Terraces

Players

DestinyToss

  • Race: Protoss Protoss
  • League: Diamond

IlllIlllIlll

  • Race: Protoss Protoss
  • League: Gold

Bounteous

  • Race: Zerg Zerg

llllllllllll

  • Race: Zerg Zerg
  • League: Master

VOD

Have the link to the VOD?

Description

Time

  • Played on: Dec. 5, 2015, 2:41 a.m.
  • Length: 7:01
Show
View Real Time Build Order
Export as new Build Order

DestinyToss Protoss 

Build Orders: 1 Gate Expand, Oracle Opening 

Get SALT Encoding   

  12  0:01  Probe (Chrono Boost)  
  13  0:11  Probe (Chrono Boost)  
  14  0:20  Pylon  
  14  0:22  Probe (Chrono Boost)  
  15  0:38  Probe (Chrono Boost)  
  15  0:41  Gateway  
  16  0:48  Probe (Chrono Boost)  
  16  0:49  Assimilator  
  17  0:59  Probe (Chrono Boost)  
  18  1:09  Probe (Chrono Boost)  
  19  1:22  Nexus  
  19  1:37  Cybernetics Core  
  19  1:39  Probe (Chrono Boost)  
  20  1:45  Assimilator  
  20  1:50  Pylon  
  20  1:53  Probe (Chrono Boost)  
  21  2:03  Probe (Chrono Boost)  
  22  2:13  Warp Gate  
  22  2:14  Probe (Chrono Boost), Adept (Chrono Boost)  
  25  2:26  Probe, Pylon  
  26  2:33  Probe  
  27  2:38  Probe  
  27  2:40  Stargate  
  28  2:46  Adept (Chrono Boost)  
  28  2:48  Probe  
  31  2:51  Probe  
  31  2:58  Probe  
  31  2:59  Assimilator  
  32  3:09  Adept (Chrono Boost)  
  32  3:11  Pylon  
  34  3:13  Probe  
  33  3:22  Oracle (Chrono Boost)  
  33  3:24  Probe  
  37  3:34  Gateway, Probe  
  37  3:39  Adept  
  40  3:50  Probe  
  40  3:52  Gateway  
  41  3:57  Oracle (Chrono Boost)  
  44  4:06  Gateway  
  42  4:14  Probe  
  42  4:16  Gateway  
  43  4:19  Adept  
  45  4:32  Zealot  
  47  4:41  Adept  
  49  4:47  Adept  
  49  4:49  Probe  
  49  4:52  Pylon  
  52  4:53  Adept  
  52  4:55  Oracle (Chrono Boost)  
  59  5:03  Zealot  
  56  5:23  Stalker x4  
  56  5:24  Stalker  
  66  5:36  Probe  
  66  5:41  Robotics Facility  
  67  5:42  Gateway  
  51  6:11  Probe  
  48  6:23  Mothership Core  
Show
View Real Time Build Order
Export as new Build Order

IlllIlllIlll Protoss 

Build Orders:  

Get SALT Encoding   

  12  0:05  Drone  
  13  0:13  Overlord  
  13  0:19  Drone  
  14  0:31  Drone x2  
  16  0:38  Drone  
  17  0:55  Drone  
  17  0:56  Hatchery  
  17  0:59  Drone  
  18  1:10  Drone  
  19  1:26  Hatchery  
  18  1:36  Spawning Pool  
  18  1:40  Drone  
  18  1:42  Drone  
  18  1:46  Drone  
  20  1:48  Extractor  
  19  1:54  Drone  
  20  2:05  Drone  
  21  2:12  Overlord  
  21  2:14  Drone  
  22  2:20  Drone  
  23  2:31  Queen x2  
  23  2:33  Zergling x2  
  23  2:34  Zergling x2  
  29  2:38  Drone  
  29  2:41  Drone  
  29  2:43  Drone  
  32  2:46  Drone  
  32  2:50  Drone  
  34  2:51  Drone  
  34  2:56  Metabolic Boost  
  35  2:59  Drone  
  35  3:14  Zergling x2  
  35  3:15  Drone, Zergling x2  
  35  3:16  Drone x2  
  35  3:17  Queen  
  42  3:21  Overlord  
  42  3:32  Overlord  
  42  3:40  Drone x2  
  44  3:41  Drone  
  44  3:44  Drone  
  44  3:45  Drone x4  
  44  3:46  Overlord  
  44  3:48  Drone  
  50  3:53  Drone  
  50  3:56  Drone x2  
  50  4:00  Drone  
  50  4:02  Overlord  
  53  4:03  Drone  
  53  4:05  Drone  
  53  4:06  Drone  
  53  4:08  Lair, Extractor  
  53  4:09  Drone, Extractor  
  55  4:11  Roach Warren  
  54  4:22  Extractor  
  54  4:24  Drone  
  54  4:25  Drone, Overlord  
  54  4:28  Zergling x6  
  54  4:29  Spine Crawler, Zergling x8  
  62  4:31  Zergling x2  
  62  4:37  Overlord  
  62  4:50  Spore Crawler  
  62  4:51  Spore Crawler, Extractor  
  59  4:53  Spore Crawler, Roach x9  
  59  4:58  Spore Crawler  
  75  5:01  Roach x2  
  80  5:07  Roach x3  
  80  5:10  Overlord  
  84  5:14  Roach x2  
  84  5:16  Zergling x2  
  84  5:19  Overlord  
  84  5:21  Zergling x4  
  88  5:26  Overlord  
  89  5:30  Roach x3  
  94  5:36  Glial Reconstitution  
  94  5:38  Drone  
  94  5:39  Drone x2  
  96  5:43  Drone  
  96  5:44  Drone x3  
  96  5:46  Drone  
  96  5:48  Drone x2  
  94  6:00  Roach x4  
  100  6:06  Zergling x8  
  100  6:11  Ravager x3  
  106  6:12  Ravager  
  106  6:17  Drone, Extractor  
  106  6:18  Drone x3  
  108  6:19  Drone  
  108  6:21  Overlord  
  108  6:24  Queen x2  
  113  6:33  Overlord  
  113  6:37  Overlord  
Show
View Real Time Build Order
Export as new Build Order

Bounteous Zerg 

Build Orders:  

Get SALT Encoding   

Show
View Real Time Build Order
Export as new Build Order

llllllllllll Zerg 

Build Orders:  

Get SALT Encoding   

Tags
 
Add a new tag
Caveats
  • Supply blocks, unpowered buildings, or Contaminate may cause inaccurate times.
  • Supply counts are checked every 10 seconds.